[Event "*** Titled Tuesday 3|2 Blitz"]
[Site "Chess.com"]
[Date "2015.09.01"]
[Round "1"]
[White "Janosik"]
[Black "WanderingPuppet"]
[Result "1-0"]
[WhiteElo "2538"]
[BlackElo "2177"]
[TimeControl "180+2"]
[EndTime "11:08:05 PDT"]
[Termination "Janosik won by checkmate"]

1. d4 Nf6 2. c4 g6 3. g3 Bg7 4.
Bg2 d6 5. Nc3 O-O 6. Nf3 c6 7.
O-O Qa5 8. Bd2 Qh5 9. Qb3 b6 10. a4 Bh3 11. a5 Bxg2 12. Kxg2 Nbd7 13. h3 e5 14. dxe5 Nxe5 15. axb6 Nxf3 16. exf3 axb6 17. Rxa8 Rxa8 18. Qxb6 Rc8 19. Re1 Qf5 20. Qb7 Qd7 21. Qxd7 Nxd7 22. Ne4 d5 23. Nd6 Rb8 24. cxd5 cxd5 25.
b4 Be5 26. Bf4 Bxf4 27. gxf4 Kf8 28. Rb1 Ke7 29. Ne4 dxe4 30. fxe4 Rb5 31. h4 Nf6 32. Kf3 Ke6 33. Ke3 Nd7 34. Kd4 Kd6 35. f3 Kc6 36. Rc1+ Kb6 37. Kc4 Rh5 38. Rd1 Nb8 39.
Rd6+ Kc7 40. Rf6 Rxh4 41. Rxf7+ Nd7 42. e5 Kd8 43. Kd5 Rh1 44. Ke6 Nb6 45. b5 Rb1 46.
Kd6 Kc8 47. Kc6 Nc4 48. Rf8# 1-0

[Event "*** Titled Tuesday 3|2 Blitz"]
[Site "Chess.com"]
[Date "2015.09.01"]
[Round "1"]
[White "Bab3s"]
[Black "Storne89"]
[Result "0-1"]
[WhiteElo "2129"]
[BlackElo "2481"]
[TimeControl "180+2"]
[EndTime "11:08:06 PDT"]
[Termination "Storne89 won by checkmate"]

1. e4 e5 2. Nf3 Nc6 3. Bb5 a6 4. Ba4 Nge7 5. O-O g6 6. c3 Bg7 7.
d4 exd4 8. cxd4 b5 9. Bb3 O-O 10.
Nc3 d6 11. h3 Na5 12. Bc2 c5 13. Be3 Nc4 14. Bc1 cxd4 15. Nxd4 Bb7 16. Re1 Rc8 17.
Bb3 Qb6 18. Nf3 h6 19. Qe2 Rfe8 20. Bf4 g5 21. Bg3 Ng6 22. Bxc4 Rxc4 23. Qd3 Re6 24. Rad1 Bxc3 25. bxc3 Bxe4 26. Qd2 Bxf3 27. gxf3 Ne5 28. Kg2 Qc6 29. Bxe5 dxe5 30. Qd8+ Kg7 31. Qd5 Qxd5 32.
Rxd5 f6 33. Re3 Rec6 34. Rd7+ Kg6 35. Ra7 Ra4 36. Re2 Rxc3 37. Rd2 Rf4 38. Rd6 Rcxf3 39.
Raxa6 Rxf2+ 40. Kg1 R2f3 41. Kg2 e4 42. Rab6 Rf5 43.
Rd7 Rf2+ 44. Kg1 e3 45. Re7 Rf1+ 46. Kg2 R5f2+ 47. Kg3 Rg1# 0-1

[Event "*** Titled Tuesday 3|2 Blitz"]
[Site "Chess.com"]
[Date "2015.09.01"]
[Round "1"]
[White "Lapitch"]
[Black "Krutoy123"]
[Result "0-1"]
[WhiteElo "2450"]
[BlackElo "2183"]
[TimeControl "180+2"]
[EndTime "11:08:16 PDT"]
[Termination "Krutoy123 won by resignation"]

1. d4 Nf6 2. Nf3 d5 3. c4 e6 4. Nc3 Be7 5. Bf4 O-O 6. e3 Nbd7 7. Qc2 c5 8. Rd1 Qa5 9. Nd2 cxd4 10. exd4 dxc4 11.
Nxc4 Qd8 12. Bd3 Nb6 13. O-O Nxc4 14. Bxc4 Bd6 15. Bg5 Bxh2+ 16. Kh1 Bd6 17. d5 h6 18. Bh4 e5 19. Ne4 Bf5 20. Bxf6 Bxe4 21. Qxe4 Qxf6 22. g3 Rac8 23. Kg2 Rc7 24. Rh1 Rfc8 25. Bd3 Bc5 26. Rdf1 Qg5 27. Rh4 g6 28. Rg4 Qf6 29. f4 exf4 30.
Rfxf4 Qxb2+ 31. Kh3 Rf8 32. Rxf7 Rcxf7 33. Rxg6+ Rg7 34.
Qe6+ Rf7 35. Rxh6 Qc1 36. Be4 Qxh6+ 37. Qxh6 Rh7 38. Bxh7+ Rxh7 39. Qxh7+ Kxh7 40. Kg4 Kg6 41. Kf4 Bd6+ 42. Kf3 Kf5 43. g4+ Kg5 44. a4 b6 45.
Ke4 Kxg4 46. Kd4 Kf5 47. Kc4 a6 48. Kd4 Kf4 49. Kc4 Ke5 0-1

[Event "*** Titled Tuesday 3|2 Blitz"]
[Site "Chess.com"]
[Date "2015.09.01"]
[Round "1"]
[White "BIG_Pirate"]
[Black "Zlatan56"]
[Result "1/2-1/2"]
[WhiteElo "2208"]
[BlackElo "2540"]
[TimeControl "180+2"]
[EndTime "11:08:19 PDT"]
[Termination "Game drawn by repetition"]

1. Nf3 g6 2. c4 Bg7 3. Nc3 Nf6 4. g3 O-O 5. Bg2 d6 6. O-O Nbd7 7. Rb1 e5 8. d3 Re8 9. Nd2 c6 10. b4 Nf8 11. b5 c5 12. Nde4 Nxe4 13. Bxe4 f5 14. Bg2 Rb8 15. Qc2 b6 16. a4 Bb7 17. Nd5 Ne6 18.
Bb2 Rf8 19. Ra1 f4 20. a5 Ng5 21. Qd1 Bc8 22. h4 Nh3+ 23. Kh2 Nxf2 24. Rxf2 fxg3+ 25. Kxg3 Rxf2 26. Kxf2 Qxh4+ 27. Kg1 Bh3 28. Bxh3 Qxh3 29. Qf1 Qh5 30. axb6 axb6 31. Qf3 Qg5+ 32. Qg2 Qd2 33.
Bc3 Qc2 34. Ra7 Rf8 35. Ne7+ Kh8 36. Nxg6+ hxg6 37. Qh3+ Kg8 38. Qe6+ Kh7 39. Qh3+ Kg8 40. Qe6+ Kh8 41. Qh3+ Kg8 42. Qe6+ Kh8 43. Qh3+ 1/2-1/2

[Event "*** Titled Tuesday 3|2 Blitz"]
[Site "Chess.com"]
[Date "2015.09.01"]
[Round "1"]
[White "bugsbunny444"]
[Black "Badouuu"]
[Result "1-0"]
[WhiteElo "2301"]
[BlackElo "1835"]
[TimeControl "180+2"]
[EndTime "11:08:22 PDT"]
[Termination "bugsbunny444 won by resignation"]

1. Nf3 Nf6 2. c4 e6 3. g3 c5 4.
Bg2 Nc6 5. O-O d5 6. e3 Bd6 7. b3 O-O 8. Bb2 d4 9. exd4 cxd4 10. Nxd4 Nxd4 11. Bxd4 Bxg3 12. hxg3 Qxd4 13. Nc3 a6 14. Ne2 Qg4 15. d4 Rd8 16. Nf4 Qg5 17. Re1 Ng4 18.
Bf3 e5 19. Nd5 h5 20. dxe5 Nxe5 21. Bxh5 Bg4 22. Bxg4 Nxg4 23. Qf3 Qh5 24. Qg2 Rac8 25. f3 Ne5 26. g4 Qg5 27. f4 Qxg4 28. Rxe5 Qxg2+ 29. Kxg2 Rc6 30. Ne7+ Kf8 31. Nxc6 bxc6 32. Rae1 Rd2+ 33.
R1e2 g6 34. Rxd2 1-0

[Event "*** Titled Tuesday 3|2 Blitz"]
[Site "Chess.com"]
[Date "2015.09.01"]
[Round "1"]
[White "AnastasiaProtopopova"]
[Black "amazingoid"]
[Result "0-1"]
[WhiteElo "1823"]
[BlackElo "2279"]
[TimeControl "180+2"]
[EndTime "11:08:27 PDT"]
[Termination "amazingoid won by resignation"]

1. Nf3 c5 2. c4 Nc6 3. Nc3 g6 4. g3 Bg7 5. Bg2 e5 6. O-O Nge7 7. d3 O-O 8. Ne1 f5 9. Nc2 f4 10. Nd5 Nxd5 11. Bxd5+ Kh8 12. a3 d6 13. b4 Bh3 14.
Re1 Qd7 15. Bb2 Rf6 16. e3 f3 17. Bxf3 Raf8 18. Bg2 Rxf2 19. Re2 Bg4 20. Rxf2 Bxd1 21. Rxf8+ Bxf8 22. Rxd1 Qg4 23. Rf1 Bg7 24. b5 Nd8 25. Bd5 Qe2 26. Rc1 Qxd3 27. Kf2 Bh6 28. a4 Kg7 29. a5 Qd2+ 30. Kf3 Nf7 31. Rf1 Ng5+ 32.
Kg4 Qxc2 33. h4 Qe2+ 34. Bf3 Nxf3 35. Rxf3 Qxb2 36. Kh3 Qe2 37. Rf1 Qxe3 0-1

[Event "*** Titled Tuesday 3|2 Blitz"]
[Site "Chess.com"]
[Date "2015.09.01"]
[Round "1"]
[White "pKiLz5Rn9b"]
[Black "AungTZ"]
[Result "1-0"]
[WhiteElo "2421"]
[BlackElo "2068"]
[TimeControl "180+2"]
[EndTime "11:08:33 PDT"]
[Termination "pKiLz5Rn9b won by resignation"]

1. e4 c5 2. c3 Nf6 3. e5 Nd5 4.
d4 cxd4 5. cxd4 Nc6 6. Nc3 e6 7.
Nf3 d6 8. exd6 Bxd6 9. Bc4 O-O 10. O-O Nf4 11. Re1 Ng6 12. h3 a6 13. Bg5 Qc7 14.
Rc1 Bd7 15. d5 Nce5 16. Nxe5 Nxe5 17. Bb3 Qb6 18. Bf4 Nc4 19. Bxd6 Nxd6 20. dxe6 Bxe6 21.
Bxe6 fxe6 22. Qe2 Kh8 23. Rcd1 Nf5 24. b3 Rae8 25. Ne4 e5 26. Rd5 Nd4 27. Qc4 Qg6 28.
Kh1 Rf4 29. Qd3 h6 30. f3 Ref8 31. Nf2 Nxf3 32. Qxg6 Nxe1 33. Ne4 Rf1+ 34. Kh2 Nc2 35. Rd7 Rg8 36. Nd6 Ne3 37. Nf7+ Rxf7 38. Qxf7 1-0

[Event "*** Titled Tuesday 3|2 Blitz"]
[Site "Chess.com"]
[Date "2015.09.01"]
[Round "1"]
[White "fumeynoel"]
[Black "jkidjr22"]
[Result "0-1"]
[WhiteElo "1597"]
[BlackElo "2269"]
[TimeControl "180+2"]
[EndTime "11:08:33 PDT"]
[Termination "jkidjr22 won by checkmate"]

1. e4 b6 2. Nf3 Bb7 3. Nc3 e6 4. Bc4 Nf6 5. O-O Nxe4 6. Nxe4 Bxe4 7. d4 Be7 8. Re1 Bb7 9. Bb3 O-O 10. c4 d6 11. d5 e5 12. Bc2 f5 13. b3 a5 14.
Bb2 Na6 15. a3 Bc8 16. Qe2 Bd7 17. Nd2 Bg5 18. Nf1 Bh6 19. Rad1 g6 20. g3 f4 21. Nd2 Qe7 22. Nf3 Rae8 23. Nh4 f3 24. Qe4 Nc5 25. Nxg6 hxg6 26. Qxg6+ Qg7 27. Qh5 Bg4 28. b4 Bxh5 29.
bxc5 bxc5 30. Re4 Rf4 31. Rde1 Ref8 32. Kh1 Rxe4 33. Rxe4 Bg6 34. Rg4 Bxc2 35. Rxg7+ Kxg7 36. h4 Rb8 37. Bc3 Rb1+ 38. Kh2 Rf1 39. Bxa5 Rxf2+ 40. Kh3 Bf5+ 41. g4 Bd3 42. Bxc7 Bf4 43. g5 Bf5# 0-1

[Event "*** Titled Tuesday 3|2 Blitz"]
[Site "Chess.com"]
[Date "2015.09.01"]
[Round "1"]
[White "SCIM"]
[Black "gmsakk"]
[Result "1-0"]
[WhiteElo "2176"]
[BlackElo "2399"]
[TimeControl "180+2"]
[EndTime "11:08:34 PDT"]
[Termination "SCIM won by checkmate"]

1. d4 d5 2. c4 c6 3. Nf3 Nf6 4. e3 Bf5 5. Nc3 e6 6. Qb3 Qb6 7. c5 Qc7 8. Nh4 Nbd7 9. Nxf5 exf5 10.
Bd3 g6 11. O-O Bg7 12. Qc2 O-O 13. h3 Ne4 14. b4 Rfe8 15. b5 Ndxc5 16. Rb1 Nxd3 17.
Qxd3 Rac8 18. a4 Nxc3 19. Qxc3 c5 20. Qxc5 Qxc5 21. dxc5 Rxc5 22. Rd1 Rd8 23. Ba3 Rc4 24. Rb4 Rxb4 25. Bxb4 Bf6 26. Rc1 d4 27. exd4 Bxd4 28. Rc7 Be5 29. Rc1 Kg7 30. Bc3 Bxc3 31. Rxc3 Rd7 32.
Kf1 Kf6 33. Ke2 f4 34. Kf3 g5 35. Rc4 h6 36. h4 Kg6 37. hxg5 hxg5 38. Kg4 f5+ 39.
Kf3 Rd3+ 40. Ke2 Ra3 41. Rc7 Rxa4 42. Rxb7 Ra2+ 43. Kf3 Ra3+ 44. Ke2 Kh5 45. b6 axb6 46. Rxb6 Kg4 47. Rb4 Rc3 48. Ra4 Rc1 49. Rb4 Rc2+ 50. Kf1 Rc6 51. Ra4 Re6 52. Rb4 Ra6 53. Rc4 Kh5 54.
Rb4 Re6 55. Rc4 Re4 56. Rc8 Ra4 57. Rh8+ Kg4 58. f3+ Kg3 59. Rh3# 1-0

[Event "*** Titled Tuesday 3|2 Blitz"]
[Site "Chess.com"]
[Date "2015.09.01"]
[Round "1"]
[White "rikyshi"]
[Black "Tobi-Wan-Kenobi"]
[Result "1-0"]
[WhiteElo "2116"]
[BlackElo "2393"]
[TimeControl "180+2"]
[EndTime "11:08:38 PDT"]
[Termination "rikyshi won by resignation"]

1. e4 c5 2. Nf3 d6 3. d4 cxd4 4. Nxd4 Nf6 5. Nc3 Nc6 6. Be2 e5 7. Nb3 Be7 8. Be3 O-O 9. O-O a5 10. a4 Nb4 11. Qd2 d5 12. exd5 Nbxd5 13. Rfd1 Nxe3 14.
Qxe3 Qc7 15. Rac1 Bd7 16. Bb5 Rfd8 17. Bxd7 Rxd7 18. Rxd7 Nxd7 19. Nd5 Qd6 20. c4 Bf8 21.
Rd1 Rc8 22. Nxa5 b6 23. Nc3 Qe6 24. Nb3 Rxc4 25. Nc1 Rc8 26. N1e2 Nf6 27. Ng3 Bc5 28. Qf3 Bd4 29. Nge4 Nxe4 30. Qxe4 g6 31. Rd3 Qb3 32. h3 Qxb2 33. Ne2 Qa1+ 34. Kh2 Bxf2 35. Rd7 Bc5 36.
Rxf7 Kxf7 37. Qb7+ Kf6 38. Qxc8 e4 39. Qh8+ Ke6 40.
Qxa1 1-0

[Event "*** Titled Tuesday 3|2 Blitz"]
[Site "Chess.com"]
[Date "2015.09.01"]
[Round "1"]
[White "Colombiano07"]
[Black "Mazetovic"]
[Result "0-1"]
[WhiteElo "2001"]
[BlackElo "2385"]
[TimeControl "180+2"]
[EndTime "11:08:38 PDT"]
[Termination "Mazetovic won by resignation"]

1. e4 c5 2. Nc3 Nc6 3. Bb5 Nd4 4. Nf3 e6 5. Nxd4 cxd4 6. Ne2 a6 7. Bc4 Nf6 8. d3 Bc5 9. O-O b5 10. Bb3 Bb7 11. f4 h5 12. h3 Qb6 13. Qe1 a5 14. a3 Rc8 15. Bd2 a4 16. Ba2 Qc6 17. Rc1 Nxe4 18.
dxe4 d3+ 19. Kh2 dxe2 20. Qxe2 Qxe4 21. Qxe4 Bxe4 22. Bc3 O-O 23. Rcd1 d5 24. Rd2 Bxa3 25. Bxg7 Kxg7 26. bxa3 Rxc2 27. Rxc2 Bxc2 28. Rc1 Bd3 29. Rc7 Bc4 30. Bxc4 bxc4 31. Kg3 Rb8 32. f5 e5 33. Kh4 Kf6 34. g4 hxg4 35. hxg4 e4 36. Kg3 Rb3+ 37. Kh4 Rxa3 38. g5+ Kxf5 39. Rxf7+ Ke5 40.
g6 Ra1 41. Kg5 Rg1+ 42. Kh6 c3 43. Re7+ Kd4 44. g7 c2 45. Rc7 Kd3 46. Kh7 Kd2 47. Rc5 d4 48. Kh6 Rxg7 49. Kxg7 c1=Q 50. Rxc1 Kxc1 0-1

[Event "*** Titled Tuesday 3|2 Blitz"]
[Site "Chess.com"]
[Date "2015.09.01"]
[Round "1"]
[White "Kempsy"]
[Black "Schemato"]
[Result "1-0"]
[WhiteElo "2532"]
[BlackElo "2162"]
[TimeControl "180+2"]
[EndTime "11:08:44 PDT"]
[Termination "Kempsy won on time"]

1. e4 e6 2. d4 d5 3. Nd2 Be7 4. e5 c5 5. Qg4 Bf8 6. dxc5 Nc6 7. Ngf3 Nge7 8. Bd3 h5 9. Qf4 Nf5 10. Bxf5 exf5 11.
Nb3 Be6 12. O-O Be7 13. Rd1 Qc7 14. Be3 O-O-O 15. Nbd4 Nxd4 16. Bxd4 Bxc5 17. Rd3 Bxd4 18. Qxd4 Kb8 19. c3 Qe7 20. a4 g5 21. h4 gxh4 22. Qxh4 Qc7 23. Re1 Rdg8 24. Ng5 f4 25. Qxf4 Qe7 26.
Nxe6 fxe6 27. Rg3 h4 28. Rxg8+ Rxg8 29. Kh2 Rf8 30. Qe3 Rf5 31. f4 a6 32. Rf1 Qg7 33.
Rf3 Qg4 34. a5 Ka8 35. b4 Rf7 36. Qf2 Rg7 37. Rh3 Rh7 38. Rf3 Rh5 39. Qb6 1-0

[Event "*** Titled Tuesday 3|2 Blitz"]
[Site "Chess.com"]
[Date "2015.09.01"]
[Round "1"]
[White "alturas_pacificas"]
[Black "1stSecond"]
[Result "1-0"]
[WhiteElo "2031"]
[BlackElo "2362"]
[TimeControl "180+2"]
[EndTime "11:08:52 PDT"]
[Termination "alturas_pacificas won by checkmate"]

1. d4 Nf6 2. Bf4 d6 3. e3 g6 4. Nf3 Bg7 5. Be2 O-O 6. O-O Nbd7 7. h3 c6 8. c4 a5 9. Nc3 Re8 10. Bh2 Qb6 11. Qb3 Qa7 12. a4 Qb6 13. Qxb6 Nxb6 14.
b3 h6 15. Rfd1 g5 16. Rac1 Bf5 17. Bd3 Bxd3 18. Rxd3 Nfd7 19. Ne4 d5 20. Ned2 Rec8 21.
c5 e5 22. Rdc3 exd4 23. exd4 Re8 24. cxb6 Nxb6 25. Nf1 Nd7 26. Re3 Re4 27. Rce1 f5 28. Rxe4 fxe4 29. Ne5 Nxe5 30. dxe5 Ra6 31. f3 exf3 32.
gxf3 Rb6 33. e6 Kf8 34. Bd6+ Ke8 35. Ng3 Rxb3 36. Nf5 Bf6 37. Kg2 h5 38. Bc5 Rb2+ 39. Kf1 b6 40. e7 Bxe7 41. Bxe7 Kd7 42. Bxg5 c5 43. f4 d4 44. Rd1 Ke6 45. Ng3 Ra2 46.
f5+ Kf7 47. Ne4 Rxa4 48. Nd6+ Kg8 49. f6 Ra3 50. f7+ Kg7 51. Bh6+ Kxh6 52. f8=Q+ Kg5 53. Qf5+ Kh4 54. Ne4 Re3 55. Kf2 c4 56. Qg5+ Kxh3 57. Rh1# 1-0

[Event "*** Titled Tuesday 3|2 Blitz"]
[Site "Chess.com"]
[Date "2015.09.01"]
[Round "1"]
[White "PowerThinking2650"]
[Black "Keaton87"]
[Result "0-1"]
[WhiteElo "2062"]
[BlackElo "2419"]
[TimeControl "180+2"]
[EndTime "11:08:57 PDT"]
[Termination "Keaton87 won on time"]

1. e4 c5 2. Nf3 d6 3. d4 Nf6 4. Nc3 cxd4 5. Nxd4 g6 6. Bc4 Bg7 7. Be3 O-O 8. f3 Nc6 9. Bb3 Bd7 10. Qd2 Rc8 11. O-O-O Nxd4 12. Bxd4 b5 13. Kb1 a5 14. a3 b4 15. axb4 axb4 16. Nd5 Nxd5 17. exd5 Bxd4 18. Qxd4 Qa5 19. h4 Ba4 20. Bxa4 Qxa4 21.
b3 Qa5 22. h5 g5 23. h6 f6 24.
Rhe1 Rc7 25. f4 Ra8 26. Qb2 gxf4 27. Re4 Rac8 28. Rd2 Rc3 29. Rxf4 Qc5 30. Rf1 Qe3 31. Rfd1 Qxh6 32. Qa2 Qg6 33. Rc1 Qg5 34. Re2 Qf5 35. Rxe7 Qxd5 36. Qa4 R3c6 37. Ra7 Qe4 38. Rd7 Rxc2 39.
Rd8+ Kg7 40. Qd7+ Kg6 41. Rxc8 Rc7+ 0-1

[Event "*** Titled Tuesday 3|2 Blitz"]
[Site "Chess.com"]
[Date "2015.09.01"]
[Round "1"]
[White "Fawolizzo"]
[Black "Aygehovit1992"]
[Result "0-1"]
[WhiteElo "1955"]
[BlackElo "2336"]
[TimeControl "180+2"]
[EndTime "11:09:08 PDT"]
[Termination "Aygehovit1992 won by resignation"]

1. d4 Nf6 2. c4 g6 3. Nf3 Bg7 4. Nc3 O-O 5. e4 d6 6. Be2 e5 7. O-O Nc6 8. d5 Ne7 9. Ne1 Nd7 10. Be3 f5 11. f3 f4 12. Bf2 g5 13. b4 Ng6 14.
Nd3 Nf6 15. c5 Rf7 16. Rc1 Bf8 17. Qb3 h5 18. a4 g4 19. b5 Rg7 20. Kh1 g3 21. hxg3 fxg3 22. Bxg3 h4 23. Bf2 Nh5 24.
cxd6 cxd6 25. Rfe1 Ng3+ 26. Kg1 Qg5 27. f4 Nxf4 28. Nxf4 exf4 29. Bf3 h3 30. Bxg3 fxg3 31. gxh3 Qh4 32. Bg2 Bxh3 33. Qb2 Bxg2 34. Qxg2 Rc8 35. Ne2 Re8 36. Nd4 Rg4 37. Ne6 Bh6 38. Rc7 Bd2 39. Re2 Ba5 40. Rc4 Bb6+ 41. Kf1 Qf6+ 42. Ke1 Qa1+ 43. Kd2 Qa2+ 44. Kd3 Qb3+ 45. Rc3 Qd1+ 46. Rd2 Qxa4 47. Rc4 Qb3+ 48. Rc3 Qxb5+ 49. Kc2 Qa4+ 50. Kd3 Ba5 51. Qf3 Qxe4+ 52. Qxe4 Rxe4 53. Kxe4 Bxc3 54. Rd3 Be5 55. Kf5 g2 56. Rd1 Bh2 57. Kf6 g1=Q 58. Rxg1+ Bxg1 59. Kf5 a5 0-1

[Event "*** Titled Tuesday 3|2 Blitz"]
[Site "Chess.com"]
[Date "2015.09.01"]
[Round "1"]
[White "ilmago"]
[Black "E-Shaposhnikov"]
[Result "0-1"]
[WhiteElo "1832"]
[BlackElo "2301"]
[TimeControl "180+2"]
[EndTime "11:09:12 PDT"]
[Termination "E-Shaposhnikov won by resignation"]

1. e4 c5 2. c3 Nf6 3. e5 Nd5 4. d4 cxd4 5. cxd4 d6 6. Nf3 Nc6 7. Nc3 Be6 8. Bb5 a6 9. Bxc6+ bxc6 10. O-O h6 11. exd6 exd6 12. Re1 Be7 13. Qa4 Qd7 14. Bd2 O-O 15. Rac1 Nxc3 16. Rxc3 Bd5 17. Rce3 Bf6 18. Bc3 Qb7 19. Nd2 Bg5 20. R3e2 Qd7 21. Ne4 Bd8 22. Qa3 Bc7 23. Bb4 Rfd8 24. Nc3 Be6 25.
f4 a5 26. f5 Bxf5 27. Re7 axb4 28. Qxb4 Qc8 29. Qc4 Be6 30. Qxc6 Ba5 31. Qe4 Bxc3 32. bxc3 d5 33. Qf4 Qb8 34. Qf3 Rf8 35. Qe2 Qd8 36. Rb7 Qg5 37. g3 Rab8 38. Rc7 Rbc8 39. Rb7 Rxc3 40.
a4 Rfc8 41. a5 Rxg3+ 42. hxg3 Qxg3+ 43. Kf1 Bh3+ 0-1

[Event "*** Titled Tuesday 3|2 Blitz"]
[Site "Chess.com"]
[Date "2015.09.01"]
[Round "1"]
[White "Tesla37"]
[Black "Tirantes"]
[Result "0-1"]
[WhiteElo "2557"]
[BlackElo "2239"]
[TimeControl "180+2"]
[EndTime "11:09:18 PDT"]
[Termination "Tirantes won by resignation"]

1. g3 c5 2. Bg2 Nc6 3. Nf3 e5 4. O-O g6 5. c4 Bg7 6. Nc3 Nge7 7.
d3 d6 8. a3 O-O 9. Rb1 a5 10.
Ne1 Be6 11. Nc2 d5 12. cxd5 Nxd5 13. Ne3 Nde7 14. Bd2 Rb8 15. Ne4 b6 16. Nc4 h6 17.
h4 f5 18. Nc3 Qd7 19. Nb5 Nd4 20. Nxd4 cxd4 21. Rc1 a4 22. f4 e4 23. dxe4 fxe4 24.
Bxe4 Nf5 25. Kh2 Bd5 26. Qc2 Rfe8 27. Bxd5+ Qxd5 28. Qd3 b5 29. Na5 Re6 30. Rf2 Rbe8 31.
Rc7 h5 32. Nb7 Rc6 33. Rxc6 Qxc6 34. Na5 Qd5 35. Kg1 Bf6 36. Rf3 Bd8 37. b3 Bxa5 38. Bxa5 axb3 39. Qxb3 Qxb3 40. Rxb3 Rxe2 41. Rxb5 Nxg3 42.
Rg5 Nf5 43. Rxg6+ Kf7 44. Rg5 Ke6 45. Kf1 Rh2 46. Ke1 d3 47. Rxh5 Re2+ 48. Kd1 Ne3+ 49. Kc1 Nc4 50. Rc5 Rc2+ 51. Kb1 Nxa3+ 52. Ka1 Rxc5 53.
Bb4 Nc2+ 0-1

[Event "*** Titled Tuesday 3|2 Blitz"]
[Site "Chess.com"]
[Date "2015.09.01"]
[Round "1"]
[White "lukas_111111"]
[Black "MITerryble"]
[Result "0-1"]
[WhiteElo "2205"]
[BlackElo "2584"]
[TimeControl "180+2"]
[EndTime "11:09:28 PDT"]
[Termination "MITerryble won by resignation"]

1. e4 e6 2. d4 d5 3. Nc3 Nf6 4. e5 Nfd7 5. f4 c5 6. Nf3 Nc6 7. Be3 Be7 8. Qd2 O-O 9. dxc5 Bxc5 10. O-O-O Qa5 11. a3 Rd8 12. Nd4 a6 13. Kb1 Bxd4 14. Bxd4 b5 15. Ne2 b4 16. b3 Qxa3 17. Bb2 Qa5 18.
Nd4 Nxd4 19. Qxd4 Nc5 20. Bd3 Bd7 21. g4 Rac8 22. f5 Nxd3 23. Qxd3 Qb5 24. Qd2 exf5 25.
e6 Bxe6 26. Qg5 d4 27. Bxd4 Rxd4 28. Rxd4 h6 29. Qf4 a5 30. g5 hxg5 31. Qxg5 Qc6 32.
Qc1 Bd5 33. Rg1 Be4 34. Rc4 Qe6 35. Rxc8+ Qxc8 36. Qd2 g6 37. h4 a4 38. bxa4 b3 39. Kb2 bxc2 40. Rg3 Qb8+ 41. Rb3 Qe5+ 42. Qc3 Qh2 43.
a5 Kh7 44. a6 Qg1 45. Qd2 Qb1+ 46. Kc3 c1=Q+ 0-1

[Event "*** Titled Tuesday 3|2 Blitz"]
[Site "Chess.com"]
[Date "2015.09.01"]
[Round "1"]
[White "Keranke"]
[Black "jup1978"]
[Result "1-0"]
[WhiteElo "2513"]
[BlackElo "2154"]
[TimeControl "180+2"]
[EndTime "11:09:38 PDT"]
[Termination "Keranke won by resignation"]

1. d4 d5 2. Bf4 e6 3. e3 Bd6 4. Qg4 Kf8 5. Bxd6+ Qxd6 6. Nc3 Nf6 7. Qh4 Qb4 8. O-O-O a5 9. e4 dxe4 10. Nxe4 Nbd7 11. Nf3 a4 12. a3 Qe7 13. Neg5 h6 14. Bd3 Kg8 15. Ne4 Kf8 16. Ne5 Nxe4 17. Qxe4 Nf6 18.
Qf3 c6 19. g4 Kg8 20. h4 Bd7 21. g5 Nd5 22. g6 f6 23. Nf7 b5 24. Nxh8 Kxh8 25.
Rhe1 b4 26. Bc4 Qd6 27. Bxd5 cxd5 28. axb4 Qxb4 29. Qa3 Qb6 30. Re3 Rb8 31. Rc3 h5 32. Rdd3 e5 33. dxe5 Bf5 34. Rxd5 Bxg6 35. Rdc5 Qe6 36. Qxa4 fxe5 37. Qc4 Qf6 38. Rc8+ Rxc8 39. Qxc8+ Kh7 40. Qc5 Qxh4 41. b4 Qh1+ 42. Kb2 e4 43. b5 e3 44. Rxe3 Qd1 45. b6 Qd7 46. Rb3 Be4 47. Qc7 Qd4+ 48. Qc3 Qd7 49. b7 Bxb7 50. Qd3+ Qxd3 51. cxd3 Bf3 52. d4 Bg4 53. d5 h4 54.
Rb4 Bf3 55. Rxh4+ Kg6 56. d6 Kf6 57. Rf4+ 1-0

[Event "*** Titled Tuesday 3|2 Blitz"]
[Site "Chess.com"]
[Date "2015.09.01"]
[Round "1"]
[White "Gabrinsky"]
[Black "Iball95"]
[Result "0-1"]
[WhiteElo "1921"]
[BlackElo "2330"]
[TimeControl "180+2"]
[EndTime "11:09:59 PDT"]
[Termination "Iball95 won by resignation"]

1. e4 c5 2. Nf3 Nc6 3. Bb5 Nf6 4. Bxc6 dxc6 5. d3 Bg4 6. O-O Qc7 7. Re1 Nd7 8. h3 Bh5 9. Bg5 e5 10. Nbd2 f6 11.
Be3 Be7 12. Nf1 O-O-O 13. Ng3 Bf7 14. Nd2 h5 15. a4 Kb8 16. a5 g6 17. c3 Nf8 18.
Qc2 Ne6 19. Reb1 h4 20. Ne2 f5 21. f3 Rhg8 22. b4 cxb4 23. cxb4 Nd4 24. Nxd4 exd4 25.
Bf2 a6 26. Nc4 Be6 27. Re1 Bf6 28. Rac1 fxe4 29. Rxe4 Bf5 30. Re2 Rge8 31. Rce1 Rxe2 32. Rxe2 Ka7 33. Nd2 Be7 34. Qc4 Qd6 35. Qf7 Bf8 36. Nc4 Qxb4 37. Rb2 Qe7 38. Qxe7 Bxe7 39. Ne5 Bf6 40.
f4 Rd5 41. Re2 c5 42. Rd2 Bd8 43. Nc4 Rd7 44. Be1 Bf6 45. Nb2 g5 46. fxg5 Bxg5 47. Rc2 Rd5 48. Bf2 b5 49. axb6+ Kxb6 50. Kf1 Kc6 51. Ke2 Re5+ 52. Kf3 Rd5 53. Ke2 Bg6 54. Rc4 Bh5+ 55. Kf1 Rf5 56. Kg1 Be3 57. Bxe3 dxe3 58. Re4 e2 59. Nc4 Rf1+ 60. Kh2 e1=Q 61. Rxe1 Rxe1 0-1

[Event "*** Titled Tuesday 3|2 Blitz"]
[Site "Chess.com"]
[Date "2015.09.01"]
[Round "1"]
[White "Tesla17"]
[Black "PawelCzarnota"]
[Result "1/2-1/2"]
[WhiteElo "2131"]
[BlackElo "2443"]
[TimeControl "180+2"]
[EndTime "11:10:02 PDT"]
[Termination "Game drawn by repetition"]

1. d4 Nf6 2. c4 g6 3. Nc3 Bg7 4. e4 O-O 5. Be2 d6 6. Nf3 Na6 7. O-O e5 8. Be3 c6 9. h3 exd4 10. Bxd4 Re8 11. Qc2 Nc5 12. e5 Bf5 13. Qd1 Nfe4 14.
exd6 Nxc3 15. Bxc3 Bxc3 16. bxc3 Ne4 17. Bd3 Qxd6 18. Nd4 Nxc3 19. Nxf5 gxf5 20. Qf3 Ne4 21. Rfe1 Qg6 22. Re3 Re6 23. Rae1 Rae8 24. Qf4 Kh8 25. Kh2 Qg5 26. Qxg5 Nxg5 27. Bxf5 Rxe3 28. Rxe3 Rxe3 29. fxe3 f6 30. c5 b6 31. Bd7 bxc5 32. Bxc6 Kg7 33. Bd5 f5 34. Kg3 Kf6 35. Kf4 Ne6+ 36. Kf3 Nc7 37.
Bc4 Ke5 38. g4 fxg4+ 39. Kxg4 Ke4 40. h4 Kxe3 41. Kg5 Kd4 42. Bg8 c4 43. h5 c3 44.
Bxh7 Ne6+ 45. Kg4 Ke3 46. Bb1 Kd2 47. h6 Nf8 48. Kg5 c2 49. Bxc2 Kxc2 50. Kf6 Kb2 51. Kg7 Ne6+ 52. Kf6 Nf8 53. Kg7 Ne6+ 54. Kf7 Ng5+ 55.
Kf6 Nh7+ 56. Kg6 Nf8+ 57. Kg7 Ne6+ 58. Kf6 Nf8 59. Kg7 Ne6+ 60. Kf6 Nf8 1/2-1/2

[Event "*** Titled Tuesday 3|2 Blitz"]
[Site "Chess.com"]
[Date "2015.09.01"]
[Round "1"]
[White "Maitreia"]
[Black "alexsuper1987"]
[Result "1-0"]
[WhiteElo "2486"]
[BlackElo "2130"]
[TimeControl "180+2"]
[EndTime "11:10:06 PDT"]
[Termination "Maitreia won by checkmate"]

1. c4 Nf6 2. g3 e6 3. Bg2 d5 4. Nf3 Be7 5. O-O O-O 6. b3 c5 7. e3 Nc6 8. Bb2 d4 9. exd4 cxd4 10. d3 a5 11. Na3 e5 12. Nb5 Bf5 13. Re1 Bd6 14. Nh4 Bg4 15. Bf3 Bxf3 16. Qxf3 Re8 17. a3 Ra6 18. Re2 Bf8 19. Rae1 Nd7 20. Nf5 Nc5 21.
Bxd4 Nxb3 22. Bxe5 Nxe5 23. Rxe5 Rxe5 24. Rxe5 Re6 25.
Rd5 Qf6 26. Kg2 Nd2 27. Qf4 g6 28. Qxd2 gxf5 29. Qf4 Bh6 30. Qxf5 Qxf5 31. Rxf5 Re2 32. Nd6 Rd2 33. Nxf7 Bg7 34. Ne5 Bxe5 35. Rxe5 Rxd3 36.
Rxa5 Rc3 37. c5 Kg7 38. Rb5 Kg6 39. Rxb7 Rxc5 40. a4 Rc2 41. Rb6+ Kg7 42. a5 Ra2 43. a6 h6 44. g4 Ra5 45. h4 Ra4 46. Kg3 Ra3+ 47. f3 Ra4 48. Rb7+ Kg6 49. h5+ Kf6 50. Rh7 Kg5 51. Rg7+ Kf6 52. Rg6+ Kf7 53. Rxh6 Kg7 54. Rg6+ Kh7 55. Rb6 Ra5 56. f4 Kg7 57. g5 Kh7 58. Kg4 Kg7 59. h6+ Kg8 60. Rb8+ Kh7 61.
Rb7+ Kg8 62. a7 Ra6 63. Rb8+ Kh7 64. a8=Q Rxa8 65. Rxa8 Kg6 66. f5+ Kh7 67. Ra7+ Kg8 68.
g6 Kh8 69. f6 Kg8 70. Ra8# 1-0